 Dungeon Crawl Stone Soup version 0.31-a0-865-g3d5d91748a (webtiles) character file.

Game seed: 6237024485169349819

53 DocEon the Cudgeller (level 3, 0/23 HPs)
             Began as a Gargoyle Monk on Oct 10, 2023.
             Slain by an orc wizard
             ... wielding a +0 dagger
              (1 damage)
             ... on level 2 of the Dungeon.
             The game lasted 00:01:08 (954 turns).

DocEon the Cudgeller (Gargoyle Monk)                 Turns: 954, Time: 00:01:08

Health: 0/23       AC:  9    Str: 16    XL:     3   Next: 89%
Magic:  3/3        EV: 10    Int: 10    God:
Gold:   78         SH:  0    Dex: 12    Spells: 2/2 levels left

rFire   . . .        a - +0 mace
rCold   . . .        d - orb {light}
rNeg    + . .        f - +0 scale mail
rPois   ∞            (no helmet)
rElec   +            (no cloak)
rCorr   .            (no gloves)
SInv    .            (no boots)
Will    .....        (no amulet) Stlth
                     (no ring)
HPRegen 0.23/turn    (no ring)
MPRegen 0.08/turn

%: no passive effects
@: confused, glowing
A: sickness immunity, AC +3, negative energy resistance 1, electricity
resistance, torment resistance 1, petrification resistance
a: no special abilities


You were on level 2 of the Dungeon.
You visited 1 branch of the dungeon, and saw 2 of its levels.

You collected 78 gold pieces.

Inventory:

Hand Weapons
 a - a +0 mace (weapon)
Armour
 d - an orb of light (worn)
 f - a +0 scale mail (worn)


   Skills:
 - Level 3.2 Fighting
 * Level 4.7 Maces & Flails
 - Level 2.4 Dodging


You had 2 spell levels left.
You didn't know any spells.
Your spell library was empty.

Dungeon Overview and Level Annotations

Branches:
Dungeon (2/15)

Altars:


Innate Abilities, Weirdness & Mutations

You are immune to sickness and miasma.
Your stone body is resilient. (AC +3)
You are immune to poison.
You resist negative energy. (rN+)
You are resistant to electric shocks. (rElec)
You are resistant to unholy torment.
You are immune to petrification.


Message History

There is an open door here.
Things that are here:
a +0 short sword; 10 gold pieces; an orc corpse You hit the orc wizard but do no damage.
The orc wizard hits you with a +0 dagger.
You completely miss the orc wizard. The orc barely misses you.
The orc wizard casts a spell at you. The puff of flame hits you.
You hit the orc wizard but do no damage.
The orc wizard casts a spell at you.
You are confused.
The orc barely misses you.
You closely miss the orc wizard.
The orc wizard points at you and mumbles some strange words.
You resist with significant effort. The orc misses you.
You bump into the rock wall.
The orc hits you from afar with a +0 trident.
The orc wizard hits you but does no damage.
You bump into the rock wall.
The orc wizard hits you but does no damage.
The orc hits you from afar with a +0 trident.
* * * LOW HITPOINT WARNING * * *
You hit the orc wizard.
The orc wizard is lightly wounded.
The orc wizard closely misses you. The orc closely misses you.
You bump into the rock wall.
You feel less confused. The orc wizard completely misses you.
The orc hits you from afar with a +0 trident.
* * * LOW HITPOINT WARNING * * *
You sock the orc wizard!
The orc wizard is heavily wounded.
The orc closely misses you. The orc wizard casts a spell at you.
You are confused.
The orc barely misses you.
The orc wizard hits you but does no damage.
You bump into the rock wall.
The orc barely misses you.
The orc wizard hits you with a +0 dagger.
You die...

#..[# #...#
#...# #...#
#...# #...# ###
###o# ...# #o#
....# #@# ....#
##)###....#
#..)).....#
#..)......#
#.........#
###.........#
#........#.##
#..#...†.....#
#..............#


You could see an orc wizard and an orc.

Vanquished Creatures
  3 gnolls (D:2)
  A dart slug (D:1)
  An orc (D:2)
  2 endoplasms (D:1)
  A giant cockroach (D:2)
  2 hobgoblins
  2 kobolds (D:1)
  3 ball pythons
  2 bats
  3 frilled lizards
  3 rats (D:1)
23 creatures vanquished.

Notes
Turn   | Place    | Note
-------+----------+-------------------------------------------
     0 | D:1      | DocEon the Gargoyle Monk began the quest for the Orb.
     0 | D:1      | Reached XP level 1. HP: 14/14 MP: 1/1
   321 | D:1      | Reached XP level 2. HP: 8/19 MP: 2/2
   864 | D:2      | Reached skill level 4 in Maces & Flails
   913 | D:2      | Reached XP level 3. HP: 21/23 MP: 3/3
   952 | D:2      | HP: 1/23 [orc/+0 trident (6)]
   954 | D:2      | Slain by an orc wizard

Illustrated notes

Levels and vault maps discovered:
D:1:      tarquinn_simple_flora_water_d, layout_loops_ring, minmay_statues_item
D:2:      layout_basic, minivault_11, uniq_sigmund

Skill      XL: |  1  2 |
---------------+-------+-----
Maces & Flails | 4 |  4.7
Fighting       | |  3.2
Dodging        | |  2.4

Action                     || total
---------------------------++-------
  Melee: Mace              ||    68
    Use: Potion            ||     3
         Scroll            ||     2
 Armour: Robe              ||    18
         Skin              ||    41
         Scale mail        ||    24
  Dodge: Dodged            ||    46

Table legend: (Time is in decaauts)
 A = Elapsed time spent in this place.
 B = Non-inter-level travel time spent in this place.
 C = Inter-level travel time spent in this place.
 D = Time resting spent in this place.
 E = Time spent auto-exploring this place.
 F = Levels seen in this place.
 G = Mean time per level.
                   A        B        C        D        E       F      G
               +--------+--------+--------+--------+--------+-----+--------+
         Total |    968 |    932 |     36 |     63 |    652 |   2 |  484.0 |
       Dungeon |    968 |    932 |     36 |     63 |    652 |   2 |  484.0 |
               +--------+--------+--------+--------+--------+-----+--------+

Top non-repeatable levels by time:
     D:1: 721 daAuts
     D:2: 246 daAuts
